 Dungeon Crawl Stone Soup version 0.20-a0-909-g1a4ba80 (webtiles) character file.

74 galech the Skirmisher (level 4, -1/50 HPs)
             Began as an Ogre Fighter on Mar 22, 2017.
             Slain by a rat (4 damage)
             ... on level 2 of the Dungeon.
             The game lasted 00:03:06 (2151 turns).

galech the Skirmisher (Ogre Fighter)                Turns: 2151, Time: 00:03:06

Health: -1/50      AC:  4    Str: 26    XL:     4   Next: 28%
Magic:  4/4        EV:  8    Int:  9    God:
Gold:   154        SH:  8    Dex:  8    Spells: 3/3 levels left

rFire    . . .     SeeInvis .   a - +0 flail
rCold    . . .     Gourm    .   b - +0 robe
rNeg     . . .     Faith    .   c - +0 shield
rPois    .         Spirit   .   (helmet restricted)
rElec    .         Reflect  .   m - +0 cloak
rCorr    .         Harm     .   (gloves unavailable)
MR       .....                  (boots unavailable)
Stlth    +.........             (no amulet)
Regen    0.2/turn               (no ring)
MPRegen  0.1/turn               (no ring)

@: mighty
A: unfitting armour, tough skin 1
a: no special abilities


You were on level 2 of the Dungeon.
You were not hungry.

You visited 1 branch of the dungeon, and saw 2 of its levels.

You collected 154 gold pieces.

Inventory:

Hand Weapons
 a - a +0 flail (weapon)
Missiles
 r - 4 exploding tomahawks (quivered)
Armour
 b - a +0 robe (worn)
 c - a +0 shield (worn)
 m - a +0 cloak (worn)
Scrolls
 e - a scroll of enchant weapon {unknown}
 h - a scroll of fear {unknown}
 i - a scroll of remove curse {unknown}
 j - 9 scrolls of identify {unknown}
 l - 3 scrolls of teleportation {unknown}
 q - a scroll of blinking {unknown}
 s - a scroll of random uselessness {unknown}
 u - 2 scrolls of amnesia {unknown}
 x - a scroll of immolation {unknown}
Potions
 d - a potion of might
 k - a potion of heal wounds {unknown}
 p - 2 potions of brilliance {unknown}
 v - a potion of mutation {unknown}
 w - a potion of lignification {unknown}
Comestibles
 f - 3 bread rations
 g - a meat ration
 n - 2 royal jellies
 o - 4 fruits
 t - a chunk of flesh


   Skills:
 + Level 5.4 Fighting
 + Level 3.0 Maces & Flails
 - Level 2.6 Dodging
 - Level 2.6 Shields


You had 3 spell levels left.
You didn't know any spells.

Dungeon Overview and Level Annotations

Branches:
Dungeon (2/15)

Altars:
Trog
Wu Jian

Annotations:
D:2 Sigmund


Innate Abilities, Weirdness & Mutations

You are too large for most types of armour.
You have tough skin. (AC +1)


Message History

The rat bites you.
You sock the rat!
You kill the rat!
The rat bites you. The rat bites you but does no damage. The rat bites you.
* * * LOW HITPOINT WARNING * * *
Sigmund hits you from afar with a scythe!
* * * LOW HITPOINT WARNING * * *
The rat bites you but does no damage.
You bump into the rock wall.
You feel less confused. The rat bites you but does no damage.
The rat barely misses you. You block the rat's attack. x2
Sigmund hits you from afar with a scythe.
* * * LOW HITPOINT WARNING * * *
The rat bites you.
* * * LOW HITPOINT WARNING * * *
The rat bites you but does no damage. You block the rat's attack.
The rat bites you.
You die...

#.#รท.#######...........##########
...........##.......w.##.........
###.........##....w..############
.............####.####..# ##
#################@# ##.## #< #.#.#
#..# #### ###### #..r# ##.# #...
#....# #r########.# #.#. #....#
#.@.....##.# #.## # #....#
##..##.....# #.## # #....#
##..##.....#####.## # #....#
#.####...........## # #....##
##..##......#######
####.....#########.#.............
'........'.#..##..##..####.######
######...#.#'##.###..............
# #...#....##..########..###..


You could see a rat (berserk).

Vanquished Creatures
  3 adders
  A worm (D:2)
  2 dart slugs
  2 leopard geckos
  2 giant cockroaches (D:1)
  4 goblins (D:2)
  3 hobgoblins (D:2)
  A ball python (D:2)
  7 bats
  2 frilled lizards
  5 kobolds
  8 rats
40 creatures vanquished.

Notes
Turn   | Place    | Note
-------+----------+-------------------------------------------
     0 | D:1      | galech the Ogre Fighter began the quest for the Orb.
     0 | D:1      | Reached XP level 1. HP: 24/24 MP: 1/1
   154 | D:1      | Reached XP level 2. HP: 30/33 MP: 2/2
   729 | D:1      | Reached XP level 3. HP: 40/41 MP: 3/3
  1386 | D:2      | Reached skill level 5 in Fighting
  1577 | D:2      | Found an ornate altar of the Wu Jian Council.
  1703 | D:2      | Reached XP level 4. HP: 19/50 MP: 4/4
  2132 | D:2      | Noticed a moth of wrath
  2133 | D:2      | Noticed Sigmund
  2138 | D:2      | Found a bloodstained altar of Trog.
  2146 | D:2      | HP: 2/50 [rat (1)]
  2151 | D:2      | Slain by a rat

Vault maps used:
D:1:      dpeg_arrival_oval
D:2:      old_standard_altar, tgw_trog, first_bread, grunt_decor_resistance,
          minmay_distorted, uniq_sigmund

Skill      XL: |  1  2  3  4 |
---------------+-------------+-----
Maces & Flails | 2 3 |  3.0
Fighting       | 5 |  5.4
Dodging        | |  2.6
Shields        | |  2.6

Action                   |  1- 3 |  4- 6 || total
-------------------------+-------+-------++-------
Melee: Flail             |   136 |    25 ||   161
  Use: Potion            |       |     1 ||     1
 Stab: Sleeping          |       |     1 ||     1
  Eat: Chunk             |     3 |     1 ||     4
Armor: Robe              |    67 |    11 ||    78
Dodge: Dodged            |    62 |    15 ||    77
Block: Shield            |    69 |    16 ||    85
